[Event "*** SCC Grand Prix: Titled Tuesday Blitz"]
[Site "Chess.com"]
[Date "2020.10.06"]
[Round "2"]
[White "tigra"]
[Black "crazy_but_lazy"]
[Result "1-0"]
[WhiteElo "2823"]
[BlackElo "2556"]
[TimeControl "180+1"]
[EndTime "10:17:17 PDT"]
[Termination "tigra won by resignation"]

1. e4 c6 2. d4 d5 3. Nc3 dxe4 4. Nxe4 Bf5 5. Ng3 Bg6 6. Nf3 Nd7 7. Nh4 e6 8. Nxg6 hxg6 9. c3 Ngf6 10. Bf4 Qb6 11. Qb3 Be7 12. Be2 O-O 13. O-O-O Nd5 14. Bd2 c5 15. dxc5 Nxc5 16. Qxb6 Nxb6 17. Kc2 Rac8 18. Bc1 Nd5 19. Rd4 Bf6 20. Rg4 Rfd8 21.
Rd1 a6 22. Ne4 Nxe4 23. Rxe4 b5 24. a3 Rd7 25. Bf3 Rdc7 26. Ree1 b4 27. axb4 Nxb4+ 28. Kb1 Nc6 29. Rd6 Be7 30. Rdd1 Bf6 31. Re4 Ne5 32. Be2 a5 33. Ra4 Rb8 34. Ka2 Nc6 35. Be3 Rcb7 36.
Rd2 Be5 37. Bf3 Rc7 38. Bxc6 Rxc6 39. Rxa5 f6 40. g3 g5 41. Ra7 g4 42. Rdd7 f5 43. Bf4 Rcb6 44. Bxe5 Rxb2+ 45. Ka3 Rb1 1-0

[Event "*** SCC Grand Prix: Titled Tuesday Blitz"]
[Site "Chess.com"]
[Date "2020.10.06"]
[Round "2"]
[White "Guenplen"]
[Black "louis198"]
[Result "1-0"]
[WhiteElo "2866"]
[BlackElo "2565"]
[TimeControl "180+1"]
[EndTime "10:17:18 PDT"]
[Termination "Guenplen won by checkmate"]

1. d4 e6 2. Nf3 d5 3. Bf4 Bd6 4. Bg3 Ne7 5. c4 c6 6. Nc3 O-O 7. e3 f5 8. Bxd6 Qxd6 9. Ne5 Nd7 10. f4 Nxe5 11. fxe5 Qb4 12. a3 Qb6 13. c5 Qd8 14. Bd3 f4 15. O-O fxe3 16. Qh5 g6 17. Qh6 b6 18. b4 bxc5 19. bxc5 Rb8 20. Qxe3 Rb3 21. Rxf8+ Qxf8 22. Bc2 Rb2 23. Rf1 Qg7 24. Qc1 Rb8 25. Rf6 Ba6 26. g4 Kh8 27. g5 Ng8 28. Rxe6 Rf8 29. Rf6 Nxf6 30. gxf6 Qd7 31. Qf4 Qh3 32. Nd1 g5 33. Qf5 Qh4 34. Nf2 g4 35. e6 g3 36.
Ng4 gxh2+ 37. Kh1 Qg3 38. Qxh7# 1-0

[Event "*** SCC Grand Prix: Titled Tuesday Blitz"]
[Site "Chess.com"]
[Date "2020.10.06"]
[Round "2"]
[White "Grandelicious"]
[Black "Keithonsky"]
[Result "0-1"]
[WhiteElo "2798"]
[BlackElo "2569"]
[TimeControl "180+1"]
[EndTime "10:17:18 PDT"]
[Termination "Keithonsky won by checkmate"]

1. Nf3 Nf6 2. g3 e6 3. Bg2 d5 4. O-O Be7 5. c4 O-O 6. b3 b6 7. cxd5 exd5 8. d4 Bb7 9. Nc3 a6 10. Bb2 Bd6 11. Ne5 Nbd7 12. f4 Re8 13. e3 Ne4 14.
Nxe4 dxe4 15. Rc1 Qe7 16. Nc6 Qf6 17. Qc2 Qg6 18. a3 f5 19. b4 Kh8 20. Qb3 Nf6 21.
Ne5 Bxe5 22. dxe5 Bd5 23. Qc3 Ng4 24. h3 Nh6 25. Kh2 c6 26. Rfd1 Qh5 27. Qe1 Re6 28. a4 b5 29. axb5 axb5 30. Ra1 Rg8 31. Ra7 g5 32. Rda1 gxf4 33. exf4 e3 34. Bxd5 cxd5 35. Ra8 Ng4+ 36. Kg2 Nf2 37. Rxg8+ Kxg8 38. Ra8+ Kg7 39.
Qxe3 Qxh3+ 40. Kxf2 Qh2+ 41. Kf1 Qxb2 42. Qa7+ Kh6 43.
Rh8 Qb1+ 44. Kf2 Qc2+ 45. Kg1 Qd1+ 46. Kg2 Qe2+ 47. Qf2 Qe4+ 48. Kg1 Qb1+ 49. Kh2 Kg7 50. Ra8 Rh6+ 51. Kg2 Qh1# 0-1

[Event "*** SCC Grand Prix: Titled Tuesday Blitz"]
[Site "Chess.com"]
[Date "2020.10.06"]
[Round "2"]
[White "PowerThinking2650"]
[Black "MikeSailer"]
[Result "0-1"]
[WhiteElo "2368"]
[BlackElo "2080"]
[TimeControl "180+1"]
[EndTime "10:17:19 PDT"]
[Termination "MikeSailer won on time"]

1. e4 d5 2. exd5 Qxd5 3. Nc3 Qd6 4. d4 Nf6 5. Nf3 c6 6. g3 Bf5 7. Bf4 Qd8 8. Bg2 e6 9. O-O Be7 10. h3 h6 11. Ne5 Nbd7 12. Re1 Nxe5 13. Bxe5 O-O 14.
Qd2 Bd6 15. Rad1 Bxe5 16. dxe5 Qxd2 17. Rxd2 Nd5 18. Ne4 Bxe4 19. Bxe4 Rfc8 20. Red1 Kf8 21. c4 Nb6 22. b3 Ke7 23. a4 a5 24. f4 Rc7 25. Kf2 Rd7 26. Ke3 Rxd2 27. Rxd2 Nd7 28.
g4 Nc5 29. Bc2 Rb8 30. Rd6 f6 31. Rd2 fxe5 32. fxe5 Nd7 33. Ke4 Rf8 34. Rg2 g5 35.
Rd2 Rf4+ 36. Ke3 Nxe5 37. Be4 Nd7 38. Bc2 Nc5 0-1

[Event "*** SCC Grand Prix: Titled Tuesday Blitz"]
[Site "Chess.com"]
[Date "2020.10.06"]
[Round "2"]
[White "Andreikka"]
[Black "davidkalashian"]
[Result "1-0"]
[WhiteElo "2893"]
[BlackElo "2572"]
[TimeControl "180+1"]
[EndTime "10:17:20 PDT"]
[Termination "Andreikka won on time"]

1. c4 Nf6 2. Nc3 e6 3. e4 d5 4.
cxd5 exd5 5. e5 Ne4 6. Nf3 Nc6 7. d4 Bb4 8. Qc2 O-O 9. Bd3 f5 10. O-O Ne7 11. a3 Ba5 12. b4 Bb6 13. Na4 c6 14. Nxb6 axb6 15. a4 h6 16. Ra3 Be6 17. Qb2 Ng6 18. a5 b5 19. Qc2 Qe7 20. Rb3 Rac8 21.
Re1 Kh8 22. Rb1 Kg8 23. Rb3 Kh8 24. Qb2 f4 25. Qc2 Bf5 26. Rb1 Nh4 27. Bxf4 Nxf3+ 28. gxf3 Bh7 29. Qc1 1-0

[Event "*** SCC Grand Prix: Titled Tuesday Blitz"]
[Site "Chess.com"]
[Date "2020.10.06"]
[Round "2"]
[White "NMZanette"]
[Black "amatatanav"]
[Result "1/2-1/2"]
[WhiteElo "2215"]
[BlackElo "2406"]
[TimeControl "180+1"]
[EndTime "10:17:20 PDT"]
[Termination "Game drawn by repetition"]

1. e4 c5 2. Nf3 Nc6 3. Bb5 e6 4. O-O Nge7 5. Re1 a6 6. Bf1 d5 7.
exd5 Nxd5 8. d4 Nf6 9. dxc5 Qxd1 10. Rxd1 Bxc5 11. h3 Nb4 12. Na3 Ne4 13. Be3 Bxe3 14.
fxe3 Nd5 15. Bd3 Nc5 16. e4 Nf4 17. Nc4 b5 18. Nd6+ Ke7 19. e5 Nfxd3 20. cxd3 Nb7 21. Ne4 f5 22. exf6+ gxf6 23. Rac1 f5 24. Nc5 Nxc5 25.
Rxc5 Kd6 26. d4 Bb7 27. Ne5 Rhg8 28. Nf7+ Kd7 29. Rd2 Rac8 30. Ne5+ Kd6 31. Rdc2 Rxc5 32. Rxc5 Rxg2+ 33. Kf1 Rxb2 34. Nf7+ Kd7 35. Ne5+ Kd8 36.
Nf7+ Kd7 37. Ne5+ Kd6 38. Nf7+ Kd7 1/2-1/2

[Event "*** SCC Grand Prix: Titled Tuesday Blitz"]
[Site "Chess.com"]
[Date "2020.10.06"]
[Round "2"]
[White "Shankovskyi"]
[Black "Playgood28"]
[Result "1-0"]
[WhiteElo "2492"]
[BlackElo "2305"]
[TimeControl "180+1"]
[EndTime "10:17:23 PDT"]
[Termination "Shankovskyi won on time"]

1. e4 e5 2. Nf3 d6 3. Bc4 Be7 4.
O-O Nf6 5. d3 O-O 6. a4 a5 7. h3 c6 8. Nc3 Na6 9. Re1 Nc7 10. Ne2 Be6 11. Ng3 Re8 12. Bg5 h6 13. Bd2 Bxc4 14. dxc4 Ne6 15. Nf5 Bf8 16. Kh2 Kh7 17.
Ng3 g6 18. Bc3 Qc7 19. Qd2 b6 20. Rad1 Rad8 21. Qe3 Nf4 22. Ne2 Ne6 23. b3 Bg7 24. Nc1 Nd7 25. Nd3 Ndc5 26. g3 Nxd3 27. Rxd3 Nc5 28.
Rd2 Ne6 29. Red1 Qe7 30. Nh4 Qc7 31. Ng2 f6 32. Qe2 f5 33. exf5 gxf5 34. Nh4 f4 35. Qe4+ Kg8 36. Nf5 fxg3+ 37. fxg3 1-0

[Event "*** SCC Grand Prix: Titled Tuesday Blitz"]
[Site "Chess.com"]
[Date "2020.10.06"]
[Round "2"]
[White "Kaua18"]
[Black "Matols"]
[Result "1-0"]
[WhiteElo "2462"]
[BlackElo "2269"]
[TimeControl "180+1"]
[EndTime "10:17:23 PDT"]
[Termination "Kaua18 won on time"]

1. e4 e6 2. d4 d5 3. Nd2 c5 4. exd5 Qxd5 5. dxc5 Qxc5 6. Ngf3 Nf6 7.
Bd3 Qc7 8. O-O Nc6 9. c3 Be7 10. Re1 O-O 11. Qe2 b6 12. Ne4 Bb7 13. Bg5 Nxe4 14. Qxe4 g6 15. Qh4 Rfd8 16. Bc4 h5 17. Bxe6 fxe6 18. Rxe6 Bxg5 19. Qxg5 Rd7 20. Rxg6+ Rg7 21.
Qxh5 Rf8 22. Ng5 Rxg6 23. Qxg6+ Qg7 24. Qxg7+ Kxg7 25. Ne6+ Kf7 26. Nxf8 Kxf8 27. Re1 Kf7 28. h4 Ne7 29. Kh2 Nf5 30. g3 Bf3 31. Kh3 Nh6 32. Re3 Bg4+ 33. Kg2 Nf5 34. Re4 Bd1 35. Kh3 Nh6 36.
g4 Kg6 37. Re6+ Kg7 38. g5 Bg4+ 39. Kg3 Bxe6 40. gxh6+ Kxh6 41. b3 Kg6 42. Kf4 Bf5 43.
Ke5 1-0

[Event "*** SCC Grand Prix: Titled Tuesday Blitz"]
[Site "Chess.com"]
[Date "2020.10.06"]
[Round "2"]
[White "Beca95"]
[Black "AleksibFan"]
[Result "1-0"]
[WhiteElo "2891"]
[BlackElo "2571"]
[TimeControl "180+1"]
[EndTime "10:17:24 PDT"]
[Termination "Beca95 won by resignation"]

1. e4 d5 2. exd5 Qxd5 3. Nc3 Qd6 4. d4 Nf6 5. Nb5 Qb6 6. c3 e6 7. a4 c6 8. Na3 Be7 9. Nf3 O-O 10. Be2 Qc7 11. O-O b6 12. Ne5 Bb7 13. Bf4 Qc8 14. Bg3 c5 15. dxc5 Bxc5 16. Bf3 Nc6 17. Nac4 Nxe5 18.
Nxe5 Rd8 19. Qe2 Ba6 20. c4 Bb7 21. Rfd1 Rxd1+ 22. Rxd1 Bxf3 23. Qxf3 Qe8 24. Qc6 Qxc6 25. Nxc6 a5 26. Kf1 h6 27. f3 Rc8 28. Na7 Ra8 29.
Nb5 Rc8 30. b3 Kf8 31. Bd6+ Ke8 32. Ke2 Nd7 33. h4 Rc6 34. Bf4 Ke7 35. g4 f6 36.
h5 e5 37. Bc1 Nf8 38. f4 Ne6 39. fxe5 fxe5 40. Kf3 Nd4+ 41. Nxd4 exd4 42. Bf4 Rf6 43. Ke4 Re6+ 44. Kd3 Kd7 45. Rf1 Rf6 46. Ke4 Bd6 47.
Rf3 Bxf4 48. Rxf4 Rxf4+ 49. Kxf4 Kd6 50. Ke4 d3 51. Kxd3 Ke5 1-0

[Event "*** SCC Grand Prix: Titled Tuesday Blitz"]
[Site "Chess.com"]
[Date "2020.10.06"]
[Round "2"]
[White "Kavyev_Ruslan"]
[Black "Aleksey_Sorokin"]
[Result "1-0"]
[WhiteElo "2575"]
[BlackElo "2820"]
[TimeControl "180+1"]
[EndTime "10:17:25 PDT"]
[Termination "Kavyev_Ruslan won by resignation"]

1. d4 Nf6 2. c4 g6 3. Nc3 d5 4. Nf3 Bg7 5. h4 c6 6. cxd5 cxd5 7. Bf4 Nc6 8. e3 Bf5 9. Qb3 Na5 10. Bb5+ Bd7 11.
Qb4 Nc6 12. Qb3 a6 13. Be2 Na5 14. Qb4 b5 15. a4 Nc6 16. Qb3 Qa5 17. O-O b4 18. Na2 Qb6 19. Nc1 a5 20. Nd3 Ne4 21. Rfc1 O-O 22. Nc5 Nxc5 23. Rxc5 e6 24. Rac1 Ne7 25.
Bc7 Qa7 26. Bd6 Bf6 27. Rc7 Rfc8 28. R1c2 Qb6 29. Rxd7 Nf5 30. Be5 Bd8 31. h5 gxh5 32. Bd3 Nh6 33. Bb5 Ng4 34. Rd6 Qa7 35. Rdc6 Rxc6 36.
Rxc6 Bb6 37. Qc2 Rf8 38. Ng5 f5 39. Nxe6 Re8 40. Nf4 1-0

[Event "*** SCC Grand Prix: Titled Tuesday Blitz"]
[Site "Chess.com"]
[Date "2020.10.06"]
[Round "2"]
[White "Harry_Rakkel"]
[Black "BilodeauA"]
[Result "0-1"]
[WhiteElo "2583"]
[BlackElo "2937"]
[TimeControl "180+1"]
[EndTime "10:17:26 PDT"]
[Termination "BilodeauA won by resignation"]

1. e4 e5 2. Nf3 Nc6 3. Bc4 Bc5 4. c3 Nf6 5. d3 d6 6. b4 Bb6 7. Nbd2 O-O 8. O-O Ne7 9. Bb3 c6 10. a4 a5 11. b5 Ng6 12. Nc4 Bc7 13. Re1 Re8 14. Ne3 h6 15. Nf5 d5 16. Qc2 Bxf5 17. exf5 Nf8 18. h3 N8d7 19. Ba3 Qb8 20. Re2 Bd6 21.
Bb2 c5 22. Rae1 Qc7 23. Ba2 Re7 24. Nd2 Rae8 25. g4 Nb6 26. Nf1 c4 27. Bc1 cxd3 28.
Qxd3 e4 29. Qb1 Nxa4 30. Rc2 Nxc3 31. Qb3 d4 32. g5 hxg5 33. Bxg5 a4 34. Qb2 Bf4 35.
Bh4 Qe5 36. Ng3 e3 37. Kg2 Rc7 38. fxe3 Bxe3 39. Nf1 Qe4+ 40. Kh2 Qxh4 0-1

[Event "*** SCC Grand Prix: Titled Tuesday Blitz"]
[Site "Chess.com"]
[Date "2020.10.06"]
[Round "2"]
[White "KiranManisha"]
[Black "hurricane7791"]
[Result "0-1"]
[WhiteElo "2348"]
[BlackElo "2700"]
[TimeControl "180+1"]
[EndTime "10:17:27 PDT"]
[Termination "hurricane7791 won by checkmate"]

1. e4 c5 2. Nf3 d6 3. d4 cxd4 4. Nxd4 Nf6 5. Nc3 a6 6. Bg5 Nbd7 7. Qe2 g6 8. O-O-O Bg7 9. f4 O-O 10. e5 dxe5 11. fxe5 Qa5 12. Re1 Nd5 13. Nb3 Nxc3 14.
Nxa5 Nxe2+ 15. Bxe2 Nxe5 16. Bxe7 Re8 17. Bg5 Bf5 18. Nc4 h6 19. Bf4 Rac8 20. Bxe5 Bxe5 21. Nxe5 Rxc2+ 22. Kd1 Rxe5 23. Bf3 Rxe1+ 24. Rxe1 Rxb2 25.
Re7 Be6 26. a3 b6 27. Ra7 a5 28. Rb7 Kg7 29. h3 h5 30. g4 hxg4 31. hxg4 Kf6 32.
Be2 Ke5 33. Rb8 Kd4 34. Rd8+ Ke3 35. Ba6 Rb3 36. a4 Rc3 37. Be2 Bb3+ 38. Ke1 Rc1+ 39. Bd1 Rxd1+ 40. Rxd1 Bxd1 41. Kxd1 Kf4 42. Kd2 Kxg4 43.
Kd3 f5 44. Kc4 f4 45. Kb5 f3 46. Kxb6 f2 47. Kxa5 f1=Q 48. Kb6 Qf8 49. a5 Qa8 50. a6 Kf5 51. a7 g5 52. Ka6 g4 53. Kb6 g3 54.
Ka6 g2 55. Kb6 g1=Q+ 56. Ka6 Qgxa7+ 57. Kb5 Qc7 58. Kb4 Qab8+ 59. Ka3 Qca7# 0-1

[Event "*** SCC Grand Prix: Titled Tuesday Blitz"]
[Site "Chess.com"]
[Date "2020.10.06"]
[Round "2"]
[White "LaPorfia"]
[Black "26andrej26"]
[Result "0-1"]
[WhiteElo "2319"]
[BlackElo "2528"]
[TimeControl "180+1"]
[EndTime "10:17:27 PDT"]
[Termination "26andrej26 won on time"]

1. d4 Nf6 2. Nf3 g6 3. Nc3 Bg7 4. e4 Kf8 5. h3 d6 6. Be3 Nfd7 7. Qd2 c6 8. O-O-O Qa5 9. Kb1 b5 10. Bh6 Nb6 11. h4 Be6 12. b3 N8d7 13. h5 Rb8 14. Bxg7+ Kxg7 15. Ng5 Nc4 16. Nxe6+ fxe6 17. h6+ Kg8 18.
bxc4 bxc4+ 19. Ka1 Qa3 20. Rb1 Rxb1+ 21. Nxb1 Qa4 22. Qc3 Nb6 23. d5 e5 24. dxc6 Kf7 25.
g3 Rc8 26. Bh3 Rxc6 27. Rd1 Ke8 28. Rd2 Rc5 29. a3 Qb5 30. f4 Na4 31. Qb4 Qb6 32. Qxb6 axb6 33. c3 exf4 34. gxf4 Rh5 35. Bg4 Rxh6 36.
Ka2 Rh4 37. Rg2 Kf7 38. f5 g5 0-1

[Event "*** SCC Grand Prix: Titled Tuesday Blitz"]
[Site "Chess.com"]
[Date "2020.10.06"]
[Round "2"]
[White "WPWPWP-2015"]
[Black "VladaSviridova"]
[Result "1-0"]
[WhiteElo "2448"]
[BlackElo "2249"]
[TimeControl "180+1"]
[EndTime "10:17:27 PDT"]
[Termination "WPWPWP-2015 won on time"]

1. e4 e6 2. d4 d5 3. Nc3 Bb4 4. a3 Bxc3+ 5. bxc3 dxe4 6. Qg4 Nf6 7. Qxg7 Rg8 8. Qh6 c5 9. Qe3 cxd4 10. cxd4 Nc6 11. Ne2 Bd7 12. h3 Qb6 13. c4 O-O-O 14. Qc3 Qa5 15.
Be3 Qxc3+ 16. Nxc3 Na5 17. g4 Bc6 18. Be2 Ne8 19. Rd1 Nc7 20. h4 Kb8 21. g5 a6 22.
h5 Ka8 23. Rh4 Kb8 24. Nxe4 Bxe4 25. Rxe4 Nc6 26. Rf4 Rd7 27. Bf3 Kc8 28. d5 exd5 29.
Bg4 Ne6 30. Rxf7 Rxf7 31. Bxe6+ Rd7 32. Bxg8 d4 33. Be6 1-0

[Event "*** SCC Grand Prix: Titled Tuesday Blitz"]
[Site "Chess.com"]
[Date "2020.10.06"]
[Round "2"]
[White "MishkaFighter"]
[Black "Msb2"]
[Result "0-1"]
[WhiteElo "2577"]
[BlackElo "2907"]
[TimeControl "180+1"]
[EndTime "10:17:28 PDT"]
[Termination "Msb2 won by checkmate"]

1. Nf3 d5 2. d4 Nf6 3. c4 e6 4. g3 Bb4+ 5. Bd2 a5 6. Bg2 O-O 7. O-O dxc4 8. Qc2 Bxd2 9. Nbxd2 b5 10. a4 c6 11. b3 cxb3 12. Nxb3 b4 13. Ne5 Nd5 14.
Nxc6 Nxc6 15. Qxc6 Ra6 16. Qc4 Nc3 17. Nc5 Rd6 18.
e3 Qb6 19. Rfc1 Ba6 20. Nxa6 Qxa6 21. Bf1 Qxc4 22. Bxc4 Rc8 23. Bd3 Rb6 24. Rc2 b3 25.
Rb2 Rb4 26. Ra3 Rcb8 27. Bb5 Nxb5 28. axb5 a4 29. Kf1 R8xb5 30. Ke2 g6 31. Kd2 Rc4 32. Kd3 Rbb4 33. h4 Rc8 34. Ra1 Rbc4 35. Rbb1 Rc3+ 36. Ke4 R8c4 37. Ra3 Kg7 38. Kf3 h5 39. Ke4 Rc2 40.
Kf3 b2 41. Ra2 Rb4 42. Ke4 a3 43. Kd3 Rc1 44. Raa1 Rxb1 45. Rxa3 Rd1+ 46. Ke4 b1=Q+ 47.
Kf3 Qf5+ 48. Kg2 Rb2 49. Kh2 Rxf2# 0-1

[Event "*** SCC Grand Prix: Titled Tuesday Blitz"]
[Site "Chess.com"]
[Date "2020.10.06"]
[Round "2"]
[White "kngopal"]
[Black "Margency"]
[Result "0-1"]
[WhiteElo "2223"]
[BlackElo "2648"]
[TimeControl "180+1"]
[EndTime "10:17:29 PDT"]
[Termination "Margency won by resignation"]

1. e4 c5 2. c4 d6 3. g3 Nc6 4. Bg2 g6 5. Ne2 Bg7 6. Nbc3 Nf6 7. O-O O-O 8. d3 Ne8 9. h3 Nc7 10. f4 Ne6 11. Kh2 Rb8 12. a4 a6 13. f5 Ned4 14. Nxd4 Nxd4 15. fxg6 hxg6 16. Be3 e6 17. Rb1 Bd7 18. b3 b5 19. axb5 axb5 20. Bd2 Qe7 21. Qg4 b4 22. Ne2 e5 23. Bg5 f6 24. Bxf6 Rxf6 25.
Qg5 Nxe2 26. Ra1 Rbf8 27. Ra7 R8f7 28. Ra8+ Kh7 29. Qh4+ Bh6 30. Rfa1 Nxg3 31. Rh8+ Kxh8 32.
Qxh6+ Kg8 33. Kxg3 g5 34. Qh5 Rh7 35. Qe2 Rf4 36.
Ra7 g4 37. Ra8+ Kg7 0-1

[Event "*** SCC Grand Prix: Titled Tuesday Blitz"]
[Site "Chess.com"]
[Date "2020.10.06"]
[Round "2"]
[White "Satscho"]
[Black "IMAghasiyevKamal"]
[Result "0-1"]
[WhiteElo "2305"]
[BlackElo "2502"]
[TimeControl "180+1"]
[EndTime "10:17:29 PDT"]
[Termination "IMAghasiyevKamal won by resignation"]

1. e4 e5 2. f4 d5 3. exd5 exf4 4. Nf3 Nf6 5. Nc3 Bc5 6. Bc4 O-O 7. d4 Re8+ 8. Ne2 Bd6 9. O-O Nh5 10. Bd3 Bg4 11.
c4 b6 12. Qc2 h6 13. c5 bxc5 14. dxc5 Bf8 15. Nxf4 Nxf4 16. Bxf4 Qxd5 17. Rac1 Nc6 18.
a3 Rad8 19. Bc4 Qxc5+ 20. Kh1 Qh5 21. Bxc7 Rc8 22. Ne5 Nxe5 23. Bxe5 Rxc4 24. Qxc4 Rxe5 25. b4 Bd6 26. Rxf7 Qxf7 27. Qxg4 Qe6 28. Qg3 Re3 29. Qf2 Qe5 30. g3 Qe4+ 31. Kg1 Re2 32. Rc8+ Kh7 33. Qf1 Be5 34. Rc1 Bd4+ 0-1

[Event "*** SCC Grand Prix: Titled Tuesday Blitz"]
[Site "Chess.com"]
[Date "2020.10.06"]
[Round "2"]
[White "parnali1611"]
[Black "Chesstrainer1"]
[Result "1-0"]
[WhiteElo "2112"]
[BlackElo "2373"]
[TimeControl "180+1"]
[EndTime "10:17:29 PDT"]
[Termination "parnali1611 won on time"]

1. d4 Nf6 2. c4 c6 3. Nc3 d5 4. Nf3 a6 5. cxd5 cxd5 6. Bf4 Nc6 7. e3 Bg4 8. Be2 e6 9. h3 Bh5 10. O-O Bd6 11. Ne5 Bxe2 12. Qxe2 Rc8 13. Rac1 O-O 14. Nd3 Bxf4 15. Nxf4 Qd6 16. Nd3 Nd7 17. Na4 Nb4 18.
Nac5 Nxd3 19. Nxd3 Qb6 20. b3 Qb5 21. Qd2 a5 22.
Rxc8 Rxc8 23. Rc1 Rxc1+ 24. Nxc1 h6 25. Nd3 Nf6 26. Qc2 Ne4 27. Ne5 f6 28. Qc8+ Kh7 29.
Nd7 1-0

[Event "*** SCC Grand Prix: Titled Tuesday Blitz"]
[Site "Chess.com"]
[Date "2020.10.06"]
[Round "2"]
[White "shriyanasmallya"]
[Black "NikolaGry"]
[Result "0-1"]
[WhiteElo "1625"]
[BlackElo "2620"]
[TimeControl "180+1"]
[EndTime "10:17:30 PDT"]
[Termination "NikolaGry won by resignation"]

1. e4 d6 2. d4 Nf6 3. Nc3 g6 4. Nf3 Bg7 5. Be3 a6 6. Bd3 b5 7.
Qd2 Bb7 8. O-O-O b4 9. Ne2 Bxe4 10. Bxe4 Nxe4 11. Qxb4 Nd7 12. d5 Nec5 13. Bxc5 Nxc5 14. Ned4 O-O 15. Nc6 Qd7 16. Qe1 e5 17. b4 Nb7 18. h4 h6 19. h5 g5 20. Nd2 a5 21.
b5 a4 22. Ne4 f5 23. Nc3 Nc5 24. a3 e4 25. Na2 f4 26. f3 Rae8 27. Qb4 exf3 28. gxf3 Re3 29. Rhe1 Rfe8 30. Rxe3 Rxe3 31. b6 cxb6 32. Qxb6 Rxa3 33. Nab4 Rxf3 34. Qb8+ Kh7 35. Qa8 Re3 36. Qxa4 Nxa4 37. Kd2 Nc3 38. Ra1 Ne4+ 39. Kd1 Bxa1 0-1

[Event "*** SCC Grand Prix: Titled Tuesday Blitz"]
[Site "Chess.com"]
[Date "2020.10.06"]
[Round "2"]
[White "Ladislav1969"]
[Black "sergiochess83"]
[Result "0-1"]
[WhiteElo "2358"]
[BlackElo "2788"]
[TimeControl "180+1"]
[EndTime "10:17:30 PDT"]
[Termination "sergiochess83 won by resignation"]

1. e4 c5 2. d4 cxd4 3. c3 Nf6 4. e5 Nd5 5. Nf3 Nc6 6. Bc4 Nb6 7. Bb3 d5 8. exd6 e6 9. Nxd4 Qxd6 10. Be3 Bd7 11. Nb5 Qe5 12. Qe2 Na5 13. Nd4 Nxb3 14. axb3 Nd5 15.
Na3 Nxe3 16. fxe3 Be7 17. Nc4 Qc7 18. O-O O-O 19. Qh5 f6 20. Rf3 Qc5 21. Qh4 b5 22. Rh3 h6 23. Nd2 Qg5 24. Qf2 a5 25. Rg3 Qd5 26. Qf4 Bd6 27. Qg4 Bxg3 28. Qxg3 e5 29. e4 Qc5 30. Kh1 exd4 31. cxd4 Qxd4 32. Nf3 Qxe4 33.
Re1 Qf5 34. Re7 Rf7 0-1

[Event "*** SCC Grand Prix: Titled Tuesday Blitz"]
[Site "Chess.com"]
[Date "2020.10.06"]
[Round "2"]
[White "akanga001"]
[Black "MasterSonnevanck23"]
[Result "1/2-1/2"]
[WhiteElo "1866"]
[BlackElo "2362"]
[TimeControl "180+1"]
[EndTime "10:17:30 PDT"]
[Termination "Game drawn by repetition"]

1. d4 d5 2. c4 e6 3. Nc3 a6 4. cxd5 exd5 5. h3 Nf6 6. Bg5 Be6 7. e3 Nbd7 8. Qc2 Bd6 9. Bd3 h6 10.
Bh4 g5 11. Bg3 Bxg3 12. fxg3 c6 13. Nge2 Qc7 14. O-O h5 15. b4 h4 16. g4 Bxg4 17.
hxg4 Nxg4 18. Nf4 O-O-O 19. Qe2 gxf4 20. Qxg4 h3 21. Qxf4 hxg2 22. Qxc7+ Kxc7 23. Kxg2 Rdg8+ 24. Kf3 Nf6 25. Rac1 Rh3+ 26. Kf2 Ng4+ 27. Ke2 Rh2+ 28. Kf3 Rd2 29. Nxd5+ Kd6 30. Nf4 Nh2+ 31. Ke4 Nxf1 32.
Rxf1 Rg3 33. Bc4 b5 34. Bxf7 Rb2 35. Bh5 Rxb4 36. Nd3 Ra4 37. Rf6+ Ke7 38. Rf7+ Kd8 39. Ne5 Rxa2 40. Nxc6+ Kc8 41. Na7+ Kb8 42. Nc6+ Kc8 43.
Na7+ Kb8 44. Nc6+ Kc8 1/2-1/2

[Event "*** SCC Grand Prix: Titled Tuesday Blitz"]
[Site "Chess.com"]
[Date "2020.10.06"]
[Round "2"]
[White "keepitcoming"]
[Black "mitrabhaa"]
[Result "1-0"]
[WhiteElo "2480"]
[BlackElo "2680"]
[TimeControl "180+1"]
[EndTime "10:17:31 PDT"]
[Termination "keepitcoming won by checkmate"]

1. d4 Nf6 2. c4 e6 3. Nc3 Bb4 4.
e3 O-O 5. Ne2 d5 6. a3 Be7 7. c5 b6 8. b4 a5 9. Bb2 Ba6 10. b5 Bc8 11. c6 Bd6 12. Ng3 g6 13. Be2 h5 14. O-O h4 15. Nh1 Kg7 16. f3 Rh8 17. e4 Bf4 18. Nf2 Nh5 19. Bc1 a4 20.
Nd3 Bxc1 21. Rxc1 dxe4 22. fxe4 Qxd4+ 23. Nf2 Qe5 24. Nh3 Ra5 25. Qd2 Nf6 26. Rcd1 Nxc6 27.
bxc6 Rc5 28. Rc1 Rxc6 29. Ng5 Rd6 30. Qe3 Qd4 31. Qxd4 Rxd4 32. e5 Nd5 33. Nxd5 Rxd5 34. Rxf7+ Kh6 35. Nf3 c5 36. Rc4 g5 37. Rg4 Rg8 38.
Nxg5 Rxe5 39. Rf6+ Kg7 40. Ne4+ Kh7 41. Rxh4+ Kg7 42. Rg4+ Kh7 43. Rf7+ Kh6 44. Rxg8 Rxe4 45. Bd3 Rd4 46. Rh7# 1-0

[Event "*** SCC Grand Prix: Titled Tuesday Blitz"]
[Site "Chess.com"]
[Date "2020.10.06"]
[Round "2"]
[White "Obito24"]
[Black "vladislavkovalev"]
[Result "0-1"]
[WhiteElo "2568"]
[BlackElo "2873"]
[TimeControl "180+1"]
[EndTime "10:17:33 PDT"]
[Termination "vladislavkovalev won by resignation"]

1. d4 Nf6 2. c4 g6 3. Nc3 Bg7 4. Nf3 O-O 5. e4 d6 6. Be2 e5 7. dxe5 dxe5 8. Qc2 Nc6 9. O-O Nd4 10. Nxd4 exd4 11. Nd5 c6 12. Nxf6+ Qxf6 13. f4 Re8 14. Bd3 Qe7 15. c5 Be6 16. b4 a5 17. b5 cxb5 18.
a4 b4 19. Bb2 Rac8 20. Rac1 Rc7 21. e5 Rd8 22. h3 Rd5 23. Qf2 Rdxc5 24. Rxc5 Rxc5 25.
Bxd4 Rc8 26. Be4 Qd7 27. Rd1 Qxa4 28. Qe2 Rd8 29. Bf3 Bf8 30. Ra1 Qd7 31. Bb6 a4 32. Bxd8 Qd4+ 33. Kh2 Qxa1 34. Qb5 Qd4 35. Qe8 Qd7 36. Qxd7 Bxd7 37. Bxb7 a3 38. Bd5 Be6 0-1

[Event "*** SCC Grand Prix: Titled Tuesday Blitz"]
[Site "Chess.com"]
[Date "2020.10.06"]
[Round "2"]
[White "seorobert1971"]
[Black "MrChampion_Coach"]
[Result "1/2-1/2"]
[WhiteElo "2699"]
[BlackElo "2396"]
[TimeControl "180+1"]
[EndTime "10:17:33 PDT"]
[Termination "Game drawn by repetition"]

1. c4 e5 2. Nc3 Bb4 3. Nd5 Na6 4. Nxb4 Nxb4 5. a3 Nc6 6. d3 Nf6 7. e4 d6 8. h3 h6 9. Ne2 a5 10. b3 Bd7 11. Be3 Qe7 12. g4 Nh7 13. Ng3 Ng5 14. h4 Ne6 15. Nf5 Qf8 16. Qd2 g6 17. Ng3 Ncd4 18.
Qd1 b5 19. h5 bxc4 20. bxc4 Rb8 21. Be2 Rb2 22. Rb1 Rxb1 23. Qxb1 Ke7 24. Bd1 Nf4 25. Kd2 g5 26. Bxd4 exd4 27. Qb2 c5 28. Qb7 Qb8 29.
Nf5+ Kf6 30. Qxd7 Qb2+ 31. Bc2 Qc3+ 32. Kd1 Qa1+ 33. Kd2 Qc3+ 34. Kd1 Qa1+ 35. Kd2 Qc3+ 1/2-1/2

[Event "*** SCC Grand Prix: Titled Tuesday Blitz"]
[Site "Chess.com"]
[Date "2020.10.06"]
[Round "2"]
[White "Kacparov"]
[Black "Zmeeed63"]
[Result "1-0"]
[WhiteElo "2736"]
[BlackElo "2357"]
[TimeControl "180+1"]
[EndTime "10:17:33 PDT"]
[Termination "Kacparov won on time"]

1. e4 Nc6 2. d4 d5 3. e5 Bf5 4. Nf3 f6 5. Bb5 Qd7 6. O-O a6 7. Bxc6 Qxc6 8. Nc3 e6 9. Re1 O-O-O 10. Nh4 Ne7 11.
Nxf5 Nxf5 12. Ne2 fxe5 13. dxe5 Bc5 14. c3 Rhf8 15. Nd4 Qb6 16. Be3 Nxe3 17. fxe3 Be7 18. Qe2 c5 19. Nf3 g5 20. h3 h5 21. Nh2 Qc7 22. Qxh5 Qxe5 23. Nf3 Qe4 24. Qg4 Qg6 25.
Rad1 Kb8 26. Rf1 Bd6 27. c4 dxc4 28. Qxc4 g4 29. Qxg4 Qc2 30. Rd2 Qh7 31. Qxe6 Bc7 32. Rxd8+ Rxd8 33. e4 Rg8 34. e5 Rg6 35. Qd5 Qg7 36. Rf2 Qh6 37. Qd7 Qe3 38. Qd2 1-0

[Event "*** SCC Grand Prix: Titled Tuesday Blitz"]
[Site "Chess.com"]
[Date "2020.10.06"]
[Round "2"]
[White "lacafi"]
[Black "AttackSparrow"]
[Result "0-1"]
[WhiteElo "2096"]
[BlackElo "2391"]
[TimeControl "180+1"]
[EndTime "10:17:34 PDT"]
[Termination "AttackSparrow won on time"]

1. d4 Nf6 2. Nf3 c5 3. e3 g6 4. Be2 Bg7 5. O-O O-O 6. b3 cxd4 7. exd4 d5 8. Bb2 Nc6 9. Nbd2 Bf5 10. c4 e6 11. a3 Ne4 12. Rc1 Rc8 13. h3 h5 14.
c5 Re8 15. b4 Nxd2 16. Qxd2 Be4 17. Ng5 Bh6 18. f4 Ne7 19. b5 Nf5 20. Nxe4 dxe4 21.
Bc4 e5 22. d5 Bxf4 23. Rxf4 exf4 24. Qxf4 Qh4 25. Qxh4 Nxh4 26. d6 Rxc5 27. Bxf7+ Kxf7 28. Rxc5 e3 29. d7 Rd8 30. Rd5 e2 31. Kf2 Nxg2 32.
Bc3 Nf4 33. Rd4 g5 34. Ke1 Ke6 35. Bd2 Rxd7 36. Bxf4 Rxd4 0-1